 Dungeon Crawl Stone Soup version 0.29-a0-994-gc5c9f59d18 (webtiles) character file.

Game seed: 3328145568739747126

12 vurker the Sneak (level 2, 23/23 HPs)
             Began as a Minotaur Enchanter on Aug 3, 2022.
             Was a Follower of Wu Jian.
             Quit the game on level 1 of the Dungeon.
             The game lasted 00:01:33 (1171 turns).

vurker the Sneak (Minotaur Enchanter)               Turns: 1171, Time: 00:01:34

Health: 23/23      AC:  2    Str: 18    XL:     2   Next: 20%
Magic:  3/3        EV: 12    Int: 12    God:    Wu Jian [*.....]
Gold:   30         SH:  0    Dex: 10    Spells: 3/3 levels left

rFire   . . .      SeeInvis .   a - +2 dagger
rCold   . . .      Faith    .   (no shield)
rNeg    . . .      Spirit   .   b - +0 robe
rPois   .          Reflect  .   (helmet restricted)
rElec   .          Harm     .   (no cloak)
rCorr   .          Rampage  .   (no gloves)
Will    .....                   (no boots)
Stlth   ++........              (no amulet)
HPRegen 0.07/turn               e - +6 ring of strength
MPRegen 0.08/turn               j - ring of flight

@: flying
A: horns 2, retaliatory headbutt
a: Renounce Religion


You were on level 1 of the Dungeon.
You worshipped Wu Jian.
Wu Jian was aware of your devotion.
You visited 1 branch of the dungeon, and saw 1 of its levels.

You collected 63 gold pieces.
You spent 33 gold pieces at shops.

Inventory:

Hand Weapons
 a - a +2 dagger (weapon)
Armour
 b - a +0 robe (worn)
Jewellery
 e - a +6 ring of strength (left hand)
   (You found it on level 1 of the Dungeon)
 j - a ring of flight (right hand)
   (You found it on level 1 of the Dungeon)
Scrolls
 f - a scroll of blinking
 k - a scroll of identify
 l - a scroll of noise {unknown}
Potions
 c - 2 potions of invisibility
 d - a potion of haste
 g - a potion of curing
 h - a potion of heal wounds {unknown}
 i - a potion of might {unknown}


   Skills:
 * Level 1.6 Fighting
 - Level 1.1 Short Blades
 + Level 1.0 Armour
 + Level 2.4 Dodging
 - Level 2.4 Stealth
 - Level 1.3 Spellcasting
 - Level 2.0 Hexes


You had 3 spell levels left.
You didn't know any spells.
Your spell library contained the following spells:

 Spells                   Type           Power      Damage    Failure   Level
 Ensorcelled Hibernation  Hex/Ice        6%         N/A       28%         2
 Confusing Touch          Hex            5%         N/A       36%         3
 Tukima's Dance           Hex            5%         N/A       36%         3
 Dazzling Flash           Conj/Hex       6%         N/A       50%         3
 Dispersal                Tloc           0%         N/A       100%        6
 Disjunction              Tloc           0%         N/A       100%        8


Dungeon Overview and Level Annotations

Branches:
Dungeon (1/15)

Altars:
Wu Jian

Shops:
D:1 !(


Innate Abilities, Weirdness & Mutations

You have a pair of horns on your head.
You reflexively headbutt those who attack you in melee.


Message History

No target in view!
You pick up a book of the Warp and begin reading...
You add the spells Dispersal and Disjunction to your library.
k - a scroll labelled IRO SYDGHYOWEH
As you read the scroll labelled IRO SYDGHYOWEH, it crumbles to dust.
Wisps of shadow whirl around you...
It was a scroll of summoning.
You swap places.
You swap places.
You swap places.
You swap places.
You swap places.
Your endoplasm dissolves into shadows!
Your bat dissolves into shadows!
Found 10 gold pieces.
You now have 30 gold pieces (gained 10).
A kobold comes into view. It is wielding a +0 club.
A kobold is nearby!
A kobold is nearby!
A kobold is nearby!
The kobold shouts!
The kobold misses you.
You hit the kobold. Your headbutt misses the kobold.
The kobold barely misses you. You furiously retaliate!
You headbutt the kobold, but do no damage.
You hit the kobold but do no damage. You headbutt the kobold.
You kill the kobold!
Your Armour skill increases to level 1!
You see here a +0 club.
There is a stone staircase leading down here.
Found a scroll of identify.
k - a scroll of identify
There is a stone staircase leading down here.
You see here a frilled lizard skeleton.
Found a faded altar of an unknown god.
Found a scroll labelled KAECKE TAASSION.
l - a scroll labelled KAECKE TAASSION You see here a frilled lizard skeleton.
Done exploring.
Done exploring.
Done exploring.
Done exploring.
You see here a ring of wizardry.
There is a stone staircase leading down here.
There is a shaft here.
There is a faded altar of an unknown god here.
You cannot tell which god this altar belongs to.
Convert to them anyway?
Wu Jian accepts your prayer! The Council welcomes you!
You can now perform damaging attacks by moving towards foes.
You can now lightly attack monsters by moving around them.

##### ##...## ##.....##
############.......#
...................########
..##########..............#
#.# ##.......#####.# #♣♣
♣♣♣♣♣ #..####.# #.#######
#♣♣♣♣...♣♣♣♣#.##@^..#
#........
#...........#########
######### #...........#
#.### # #.8..8.8..8.# #...#
############# #...........#
###.# #............
#...........# #.#
#.###########
#.8..8.8..8.#####.###.# #
#...........#.........# #
#...........#####.##### #


There were no monsters in sight!

Vanquished Creatures
  An endoplasm (D:1)
  2 hobgoblins (D:1)
  A kobold (D:1)
  2 quokkas (D:1)
  3 frilled lizards (D:1)
  3 rats (D:1)
12 creatures vanquished.

Notes
Turn   | Place    | Note
-------+----------+-------------------------------------------
     0 | D:1      | vurker the Minotaur Enchanter began the quest for the Orb.
     0 | D:1      | Reached XP level 1. HP: 14/14 MP: 1/1
   245 | D:1      | Found Viare's Antique Weapon Shoppe.
   309 | D:1      | Reached skill level 1 in Fighting
   689 | D:1      | Reached XP level 2. HP: 23/23 MP: 3/3
   755 | D:1      | Found Omoemp's Distillery.
   763 | D:1      | Bought a potion of curing for 33 gold pieces
   938 | D:1      | Reached skill level 1 in Armour
   991 | D:1      | Found a faded altar of an unknown god.
  1170 | D:1      | Prayed at the altar of an unknown god.
  1170 | D:1      | Became a worshipper of the Wu Jian Council
  1170 | D:1      | Reached * piety under Wu Jian
  1171 | D:1      | Quit the game

Illustrated notes

Levels and vault maps discovered:
D:1:      giann_forest_graveyard, layout_loops_ring,
          hellmonk_ecumenical_altar_leap_of_faith, serial_shops, shop,
          nicolae_diamond_shop

Skill      XL: |  1  2 |
---------------+-------+-----
Fighting       | 1 |  1.6
Armour         | 1 |  1.0
Short Blades   | |  1.1
Dodging        | |  2.4
Stealth        | |  2.4
Spellcasting   | |  1.3
Hexes          | |  2.0

Action                   || total
-------------------------++-------
Melee: Dagger            ||    27
       Headbutt          ||     2
  Use: Scroll            ||     6
 Stab: Sleeping          ||     3
Dodge: Dodged            ||     8

Table legend: (Time is in decaauts)
 A = Elapsed time spent in this place.
 B = Non-inter-level travel time spent in this place.
 C = Inter-level travel time spent in this place.
 D = Time resting spent in this place.
 E = Time spent auto-exploring this place.
 F = Levels seen in this place.
 G = Mean time per level.
                   A        B        C        D        E       F      G
               +--------+--------+--------+--------+--------+-----+--------+
         Total |   1168 |   1107 |     61 |      0 |    980 |   1 | 1168.0 |
       Dungeon |   1168 |   1107 |     61 |      0 |    980 |   1 | 1168.0 |
               +--------+--------+--------+--------+--------+-----+--------+

Top non-repeatable levels by time:
     D:1: 1168 daAuts
